Map: [ESL] Hard Lead

Players

SHIN

  • Race: Zerg Zerg
  • Spawn Location: 11:00

Lambo - Winner!

  • Race: Zerg Zerg
  • Spawn Location: 5:00

Event: ESL SC2 Masters 2023 Winter (Finals)

VOD

Have the link to the VOD?

Description

Time

  • Played on: Dec. 16, 2023, 11:22 a.m.
  • Length: 9:55

All games in this series

Show
View Real Time Build Order
Export as new Build Order

SHIN Zerg 

Build Orders: Hatch First 

Get SALT Encoding   

  12  0:00  Drone  
  13  0:12  Overlord  
  13  0:16  Drone  
  14  0:30  Drone  
  14  0:31  Drone  
  16  0:47  Hatchery  
  15  0:51  Drone  
  15  0:54  Drone  
  17  0:59  Drone  
  18  1:08  Extractor  
  17  1:13  Spawning Pool  
  17  1:16  Drone  
  17  1:19  Drone  
  18  1:28  Drone  
  19  1:38  Drone  
  20  1:49  Drone  
  21  1:59  Queen x2  
  21  2:00  Zergling x2, Overlord  
  26  2:09  Metabolic Boost  
  26  2:10  Drone  
  26  2:11  Drone  
  28  2:21  Drone x2  
  30  2:32  Drone x2  
  32  2:38  Hatchery  
  32  2:43  Drone x2  
  33  2:49  Queen  
  35  2:54  Baneling Nest  
  35  2:58  Overlord  
  34  3:01  Drone  
  36  3:05  Drone  
  36  3:16  Overlord  
  36  3:18  Zergling x10  
  41  3:22  Drone  
  42  3:29  Drone, Overlord  
  42  3:31  Evolution Chamber  
  42  3:38  Drone x2  
  44  3:42  Baneling  
  44  3:47  Drone x3  
  47  3:50  Roach Warren  
  47  3:51  Drone x3  
  49  3:56  Zerg Missile Weapons Level 1  
  49  4:00  Zergling x2  
  49  4:02  Overlord  
  49  4:03  Drone  
  49  4:07  Extractor  
  49  4:08  Drone x2  
  49  4:09  Drone  
  52  4:15  Drone  
  53  4:20  Drone  
  53  4:21  Drone x2  
  56  4:26  Overlord  
  56  4:30  Extractor, Roach x2  
  58  4:35  Roach  
  58  4:36  Overlord  
  60  4:39  Overlord  
  60  4:40  Roach  
  60  4:42  Drone  
  60  4:44  Roach  
  65  4:48  Roach  
  65  4:50  Roach x3  
  72  4:53  Roach  
  72  4:56  Zergling x6  
  72  4:59  Roach  
  78  5:02  Roach  
  78  5:03  Zergling x4  
  83  5:07  Roach  
  83  5:08  Zergling x4  
  83  5:13  Roach x2  
  89  5:19  Roach, Overlord  
  89  5:21  Overlord  
  91  5:24  Roach  
  91  5:26  Roach  
  91  5:28  Roach  
  97  5:33  Overlord  
  97  5:34  Overlord  
  96  5:41  Zergling x4  
  98  5:46  Zergling x6  
  98  5:47  Zergling x6  
  98  5:48  Zergling x2  
  98  5:49  Zergling x2  
  106  5:50  Baneling  
  106  5:51  Baneling  
  106  5:52  Zergling x2  
  107  5:57  Baneling x7  
  107  5:58  Baneling  
  107  5:59  Baneling  
  107  6:00  Zergling x2  
  107  6:02  Zergling x2  
  108  6:04  Zergling x2  
  108  6:06  Zergling x2  
  108  6:08  Zergling x4  
  108  6:09  Roach  
  110  6:14  Zergling x4  
  110  6:15  Zergling x4  
  100  6:18  Zergling x2  
  100  6:19  Zergling x4  
  100  6:21  Zergling x4  
  100  6:23  Zergling x2, Ravager  
  98  6:27  Zergling x6  
  98  6:29  Zergling x2  
  98  6:30  Zergling x2  
  93  6:35  Lair  
  93  6:36  Zergling x2  
  93  6:39  Zergling x2  
  83  6:42  Roach  
  83  6:43  Roach  
  83  6:45  Roach  
  82  6:47  Roach  
  82  6:51  Drone x2  
  82  6:53  Zergling x2, Roach  
  82  6:57  Roach  
  82  6:59  Roach  
  82  7:00  Roach  
  88  7:05  Roach x2  
  92  7:10  Roach x2  
  92  7:12  Drone  
  92  7:13  Drone  
  92  7:14  Roach  
  100  7:17  Roach  
  100  7:19  Roach  
  100  7:21  Ravager x2  
  108  7:22  Roach  
  108  7:24  Drone  
  108  7:26  Roach  
  108  7:27  Extractor  
  108  7:29  Drone x2  
  112  7:37  Roach x2  
  112  7:38  Roach x2  
  112  7:43  Drone x4  
  123  7:49  Drone x2, Overlord  
  123  7:51  Drone  
  126  7:57  Roach  
  125  8:00  Drone x2  
  125  8:04  Glial Reconstitution  
  126  8:08  Roach  
  126  8:09  Roach  
  126  8:12  Drone x2, Roach  
  132  8:13  Drone  
  132  8:17  Extractor  
  132  8:18  Drone  
  132  8:19  Roach x2  
  137  8:23  Drone  
  137  8:24  Overlord x2  
  138  8:29  Extractor  
  138  8:32  Overlord  
  137  8:35  Hatchery  
  137  8:39  Overlord  
  137  8:40  Roach  
  138  8:42  Roach  
  138  8:43  Roach  
  142  8:51  Roach x5  
  142  8:53  Roach  
  154  8:55  Overlord  
  154  8:58  Roach  
  154  9:01  Ravager x3  
  159  9:03  Roach  
  159  9:05  Overlord  
  159  9:07  Overlord  
  161  9:10  Overlord  
  161  9:15  Roach x3  
  161  9:18  Overlord  
  161  9:20  Ravager x2  
  161  9:22  Overlord  
  161  9:26  Roach x2  
  161  9:29  Roach x2  
  168  9:32  Overlord  
  168  9:36  Roach x2  
Show
View Real Time Build Order
Export as new Build Order

Lambo Zerg - Winner!

Build Orders: Hatch First 

Get SALT Encoding   

  12  0:00  Drone  
  13  0:11  Overlord  
  13  0:16  Drone  
  14  0:30  Drone x2  
  16  0:47  Hatchery  
  15  0:50  Drone  
  15  0:54  Drone  
  15  0:56  Drone  
  18  1:07  Extractor  
  17  1:11  Spawning Pool  
  17  1:15  Drone  
  17  1:18  Drone  
  18  1:27  Drone  
  19  1:38  Drone  
  20  1:49  Drone  
  21  1:59  Queen x2  
  21  2:00  Zergling x2, Overlord  
  26  2:08  Metabolic Boost  
  26  2:10  Drone x2  
  28  2:20  Drone  
  28  2:21  Zergling x2  
  30  2:32  Drone x2  
  32  2:37  Hatchery  
  32  2:42  Drone  
  32  2:45  Baneling Nest  
  32  2:48  Overlord  
  31  2:55  Drone x2  
  33  3:04  Zergling x4  
  35  3:09  Drone x5  
  35  3:11  Zergling x2  
  41  3:19  Zergling x2  
  42  3:21  Overlord  
  42  3:25  Queen  
  44  3:29  Baneling  
  44  3:31  Roach Warren  
  44  3:33  Drone  
  44  3:35  Extractor  
  44  3:37  Drone  
  44  3:40  Drone x3  
  47  3:43  Drone  
  47  3:48  Overlord  
  48  3:55  Drone x5  
  53  3:59  Overlord  
  53  4:09  Overlord  
  53  4:13  Overlord  
  53  4:15  Roach x3  
  59  4:19  Roach x2  
  59  4:22  Roach  
  64  4:27  Roach x2  
  68  4:31  Roach  
  68  4:37  Drone x5  
  75  4:42  Baneling  
  75  4:43  Drone x3  
  77  4:53  Drone x6  
  77  4:56  Drone  
  77  4:58  Lair  
  82  5:01  Extractor  
  82  5:02  Drone x3  
  82  5:03  Drone  
  82  5:04  Drone  
  86  5:07  Drone  
  86  5:08  Extractor  
  86  5:10  Drone  
  86  5:12  Overlord  
  86  5:13  Extractor  
  86  5:14  Overlord  
  86  5:17  Overlord  
  86  5:19  Overlord  
  86  5:22  Roach x2  
  86  5:26  Spine Crawler  
  86  5:28  Overlord  
  88  5:33  Roach x4  
  96  5:38  Roach x3  
  96  5:40  Extractor  
  96  5:42  Roach  
  103  5:45  Spine Crawler  
  103  5:46  Roach x2  
  103  5:48  Baneling x2  
  106  5:52  Roach  
  106  5:56  Roach x3  
  114  5:59  Roach  
  114  6:00  Roach  
  118  6:10  Roach x6  
  126  6:17  Roach x2  
  121  6:20  Roach  
  109  6:26  Roach x5  
  109  6:31  Roach x3  
  110  6:39  Roach x4  
  116  6:43  Ravager  
  111  6:49  Roach x2  
  111  6:51  Drone, Queen  
  116  6:55  Glial Reconstitution  
  116  6:59  Drone x3, Evolution Chamber  
  118  7:01  Evolution Chamber  
  118  7:02  Drone x2  
  119  7:09  Drone x4  
  119  7:13  Drone x2  
  125  7:21  Overlord  
  125  7:25  Overseer  
  125  7:26  Pneumatized Carapace  
  125  7:27  Drone  
  126  7:30  Hatchery  
  126  7:31  Roach x2  
  126  7:33  Zerg Missile Weapons Level 1  
  126  7:34  Zerg Ground Armor Level 1  
  126  7:36  Overlord  
  129  7:38  Overlord  
  129  7:44  Overlord  
  129  7:46  Roach x3  
  135  7:51  Overlord  
  135  7:55  Roach x4  
  142  7:59  Drone  
  142  8:02  Roach x4  
  151  8:06  Overlord  
  151  8:09  Roach x3  
  158  8:13  Hatchery  
  158  8:14  Overlord  
  158  8:15  Overlord  
  158  8:17  Overlord  
  158  8:19  Ravager x4  
  161  8:21  Roach  
  161  8:24  Overlord  
  163  8:27  Roach x2  
  163  8:28  Overlord  
  167  8:37  Roach x5  
  167  8:39  Ravager x2  
  179  8:41  Roach  
  179  8:42  Roach  
  179  8:48  Roach x3  
  189  8:49  Roach  
  189  8:54  Roach x3  
  197  8:58  Ravager  
  197  9:00  Roach  
  200  9:07  Overlord  
  200  9:10  Overlord  
  200  9:14  Overlord  
  200  9:18  Overlord  
  200  9:20  Overlord  
Tags
 
Add a new tag
Caveats
  • Supply blocks, unpowered buildings, or Contaminate may cause inaccurate times.
  • Supply counts are checked every 10 seconds.